 Dungeon Crawl Stone Soup version 0.26-a0-665-gefeb406119 (webtiles) character file.

Game seed: 16209657175404201405

3938 jasper the Ruffian (level 10, -3/120 HPs)
             Began as an Ogre Transmuter on Oct 16, 2020.
             Was an Elder of Cheibriados.
             Slain by Harold
             ... wielding a +1 glaive of freezing
              (14 damage)
             ... on level 8 of the Dungeon.
             The game lasted 00:12:24 (8123 turns).

jasper the Ruffian (Ogre Transmuter)                Turns: 8123, Time: 00:12:25

Health: -3/120     AC: 10    Str: 25    XL:     10   Next: 21%
Magic:  5/14       EV: 12    Int: 26    God:    Cheibriados [****..]
Gold:   416        SH:  0    Dex: 18    Spells: 3/13 levels left

rFire    x . .     SeeInvis .     - Unarmed
rCold    + + +     Faith    .   (shield currently unavailable)
rNeg     . . .     Spirit   .   (armour currently unavailable)
rPois    +         Reflect  .   (helmet currently unavailable)
rElec    .         Harm     .   (cloak currently unavailable)
rCorr    .         Rampage  .   (gloves unavailable)
MR       +....                  (boots unavailable)
Stlth    ++........             g - amulet of the acrobat
HPRegen  0.30/turn              f - +4 ring of protection
MPRegen  0.14/turn              (no ring)

@: ice-form, marked, very slightly contaminated, very slow
A: large, unfitting armour
a: End Transformation, Bend Time, Temporal Distortion, Slouch, Renounce Religion


You were on level 8 of the Dungeon.
You worshipped Cheibriados.
Cheibriados was greatly pleased with you.
You were a creature of crystalline ice.
You visited 1 branch of the dungeon, and saw 8 of its levels.
You also visited: Bailey.

You collected 468 gold pieces.
You spent 52 gold pieces at shops.

Inventory:

Hand Weapons
 E - the +8 hunting sling of Offence {venom, Dex+3 Stlth+}
   (You took it off a kobold in a bailey)

   It poisons the ammo it fires.
   It affects your dexterity (+3).
   It makes you more stealthy.
Missiles
 d - 144 stones
 l - 29 poisoned darts
 r - 2 silver javelins (quivered)
 D - 44 boomerangs
Armour
 a - a +0 robe (melded)
 q - a +0 cloak (melded)
 t - a +0 hat of intelligence (melded)
 B - a +0 kite shield
 I - a +0 hat of magic resistance
Jewellery
 f - a +4 ring of protection (left front paw)
 g - an amulet of the acrobat (around neck)
Scrolls
 c - 7 scrolls of remove curse
 h - a scroll of random uselessness
 n - a scroll of amnesia {unknown}
 o - 3 scrolls of enchant armour {unknown}
 p - a scroll of magic mapping {unknown}
 u - a scroll of blinking {unknown}
 v - 2 scrolls of immolation {unknown}
 y - a scroll of identify
 G - a scroll of fear {unknown}
 H - a scroll of fog {unknown}
Potions
 b - a potion of might
 e - 2 potions of brilliance {unknown}
 j - a potion of resistance {unknown}
 k - 3 potions of heal wounds
 m - a potion of berserk rage {unknown}
 s - a potion of stabbing {unknown}
 w - a potion of lignification {unknown}
 x - a potion of ambrosia {unknown}
 z - a potion of curing {unknown}
 A - 5 potions of flight
 C - a potion of degeneration {unknown}
Miscellaneous
 F - a tin of tremorstones (inert)


   Skills:
 - Level 6.7 Fighting
 - Level 4.3 Dodging
 * Level 5.7 Shields
 + Level 7.7 Unarmed Combat
 - Level 2.4 Spellcasting
 - Level 4.7 Transmutations
 + Level 6.5 Invocations


You had 3 spell levels left.
You knew the following spells:

 Your Spells              Type           Power        Failure   Level
a - Beastly Appendage     Tmut           ####..       1%          1
b - Wereblood             Tmut           ####....     2%          2
c - Spider Form           Tmut/Pois      ###.......   12%         3
d - Ice Form              Ice/Tmut       ###.....     36%         4

Your spell library contained the following spells:

 Spells                   Type           Power        Failure   Level
 Blade Hands              Tmut           ####......   36%         5
 Cause Fear               Hex            #.........   69%         4
 Yara's Violent Unravell  Hex/Tmut       ###.......   71%         5
 Silence                  Hex/Air        #.........   95%         5
 Discord                  Hex            #.........   100%        8


Dungeon Overview and Level Annotations

Branches:
Dungeon (8/15)             Temple (0/1) D:4          Bailey (visited)
   Lair: D:8-11

Altars:
Cheibriados
Gozag
Qazlal
The Shining One

Shops:
D:5 *(((:

Annotations:
D:6 Eustachio
D:8 Harold


Innate Abilities, Weirdness & Mutations

You are too large for most types of armour.
((You have tough skin. (AC +1)))


Message History

Harold is lightly wounded.
The ice beast barely misses you.
You hit Harold but do no damage.
Harold is lightly wounded.
Harold barely misses you. The ice beast closely misses you.
You punch Harold! You freeze Harold.
Harold is moderately wounded.
Harold hits you with a +1 glaive of freezing!!
* * * LOW HITPOINT WARNING * * *
Harold freezes you.
* * * LOW HITPOINT WARNING * * *
The ice beast hits you but does no damage.
You take 23 damage, and have 10/120 hp.
You hit Harold but do no damage.
Harold is moderately wounded.
The ice beast hits you but does no damage.
You punch Harold! You freeze Harold.
Harold is heavily wounded.
Harold hits you with a +1 glaive of freezing!
You die...

# #.# #.......##.#
#.#. #....#
#.#.###.##.# #.#.
...l..###
#.#..##.##.# #.#.
.j....
#.##.##.##.# #.#.
..... #.##..#.##.#
#.#. #.###
#z###.#.##.####.#.
# #z#
#.........#.#. #@#
##.###.##..... #I#
#.###.####.#. #I#
#..##......#. #(#
##.##.######. ..#
#.##.# #.#. #...
#..... #..† ....
##.#.#. #.#.
.....# #.#.#.##.#.
.....# #.#.. #....
....... ...# #..#.


You could see Harold, an ice beast, an adder zombie and a bullfrog zombie.

Vanquished Creatures
  Gastronok (D:8)
  Sigmund (D:6)
  A yak (D:7)
  3 orc warriors (Bailey)
  2 ice beasts
  3 sky beasts
  An ogre (D:7)
  A necrophage (D:5)
  A big kobold (D:4)
  2 bullfrogs
  2 scorpions (D:6)
  A howler monkey (D:7)
  2 jellies
  3 hounds
  A quasit (D:6)
  2 orc wizards
  An orc priest (D:7)
  An iguana (D:8)
  4 worker ants
  A hound skeleton (D:6)
  10 gnolls
  9 adders
  2 white imps
  An ooze (D:2)
  An adder skeleton (D:6)
  2 dart slugs
  2 leopard geckos
  28 orcs
  9 bats
  6 giant cockroaches
  11 goblins
  7 hobgoblins
  16 jackals
  16 kobolds
  4 quokkas
  7 ball pythons
  4 frilled lizards
  9 rats
178 creatures vanquished.

Notes
Turn   | Place    | Note
-------+----------+-------------------------------------------
     0 | D:1      | jasper the Ogre Transmuter began the quest for the Orb.
     0 | D:1      | Reached XP level 1. HP: 19/19 MP: 3/3
   273 | D:1      | Reached XP level 2. HP: 25/28 MP: 3/5
   374 | D:1      | Reached skill level 3 in Unarmed Combat
  1082 | D:2      | Reached XP level 3. HP: 35/35 MP: 4/6
  1417 | D:2      | Reached XP level 4. HP: 44/44 MP: 5/7
  1465 | D:2      | Learned a level 2 spell: Wereblood
  1470 | D:2      | Learned a level 3 spell: Spider Form
  2332 | D:3      | Found an opulent altar of Gozag.
  2508 | D:3      | Found a snail-covered altar of Cheibriados.
  2540 | D:3      | Became a worshipper of Cheibriados the Contemplative
  2940 | D:3      | Reached XP level 5. HP: 52/52 MP: 6/8
  3241 | D:4      | Noticed a phantom
  3256 | D:3      | Reached skill level 4 in Unarmed Combat
  3256 | D:3      | Reached skill level 1 in Invocations
  3613 | D:4      | Reached * piety under Cheibriados
  3613 | D:4      | Reached XP level 6. HP: 15/61 MP: 9/9
  3978 | D:4      | Found a staircase to the Ecumenical Temple.
  4252 | D:4      | Found a glowing golden altar of the Shining One.
  4533 | D:5      | Entered Level 5 of the Dungeon
  4655 | D:5      | Reached ** piety under Cheibriados
  4663 | D:5      | Found Neumefimn's Antique Weapon Shop.
  4671 | D:5      | Found Kyahoy's Book Boutique.
  4681 | D:5      | Found Beibeecw's Weapon Shop.
  4682 | D:5      | Found Jeskuan's Antique Weapon Shop.
  4716 | D:5      | Noticed a necrophage
  4720 | D:5      | Killed a necrophage
  4720 | D:5      | Reached XP level 7. HP: 70/70 MP: 8/10
  4798 | D:5      | Reached skill level 5 in Unarmed Combat
  5208 | D:5      | Found Wefryrue's Assorted Antiques.
  5251 | D:5      | Bought a scroll of identify for 52 gold pieces
  5551 | D:6      | Reached XP level 8. HP: 79/79 MP: 9/11
  5558 | D:6      | Reached skill level 5 in Fighting
  5643 | D:6      | Learned a level 4 spell: Ice Form
  5836 | D:6      | Noticed Sigmund
  5862 | D:6      | Killed Sigmund
  5862 | D:6      | Reached skill level 6 in Unarmed Combat
  5872 | D:6      | Noticed Eustachio
  6101 | D:6      | Found a stormy altar of Qazlal.
  6454 | D:7      | Reached *** piety under Cheibriados
  6458 | D:7      | Found a flagged portal.
  6501 | Bailey   | Entered a bailey
  6732 | Bailey   | Reached skill level 1 in Shields
  6732 | Bailey   | Reached XP level 9. HP: 89/89 MP: 12/12
  6834 | Bailey   | Identified the +8 hunting sling of Offence {venom, Dex+3
                  | Stlth+}
  7304 | D:7      | Reached **** piety under Cheibriados
  8034 | D:8      | Noticed Gastronok
  8067 | D:8      | Reached skill level 5 in Invocations
  8069 | D:8      | Killed Gastronok
  8069 | D:8      | Reached skill level 5 in Shields
  8069 | D:8      | Reached skill level 7 in Unarmed Combat
  8069 | D:8      | Reached XP level 10. HP: 79/100 MP: 9/14
  8096 | D:8      | Noticed Harold
  8123 | D:8      | Slain by Harold

Illustrated notes

Levels and vault maps discovered:
D:1:      elethiomel_arrival_maze, layout_loops_corners
D:2:      layout_rooms, kennysheep_boxes
D:3:      layout_loops_ring, grunt_gozag_breadcrumbs, cheibriados_altar_1
D:4:      layout_loops_ring, lemuel_round_altar, minmay_temple_entry_poolview
D:5:      layout_basic, serial_shops, shop, shop, shop, shop,
          nicolae_shop_temple_entry_statues_fountains
D:6:      layout_cave_pools, lemuel_round_altar, uniq_sigmund, uniq_eustachio
D:7:      layout_cave_pods, enter_bailey_3, minmay_small_thing
D:8:      layout_basic, grunt_temple_overflow_open, uniq_joseph, uniq_grum,
          uniq_harold, uniq_gastronok

Skill      XL: |  1  2  3  4  5  6  7  8  9 |
---------------+----------------------------+-----
Dodging        | 2 3 4 |  4.3
Transmutations | 2 3 4 |  4.7
Unarmed Combat | 3 4 5 6 7 |  7.7
Fighting       | 2 3 4 6 |  6.7
Invocations    | 1 2 3 4 6 |  6.5
Shields        | 1 5 |  5.7
Spellcasting   | |  2.4

Action                   |  1- 3 |  4- 6 |  7- 9 | 10-12 || total
-------------------------+-------+-------+-------+-------++-------
Melee: Unarmed           |   112 |   244 |   220 |     8 ||   584
       Kick              |    14 |    44 |    50 |       ||   108
       Punch             |     1 |     1 |     9 |       ||    11
       Headbutt          |     6 |    26 |    22 |       ||    54
Throw: Dart              |       |    28 |    20 |       ||    48
       Javelin           |       |       |     5 |       ||     5
 Cast: Beastly Appendage |    22 |    37 |    20 |       ||    79
       Spider Form       |       |       |     4 |       ||     4
       Ice Form          |       |       |     4 |     1 ||     5
Evoke: Wand              |       |     2 |     9 |       ||    11
       Tin of tremorston |       |       |     2 |     1 ||     3
  Use: Scroll            |       |       |     8 |     1 ||     9
 Stab: Distracted        |       |       |     1 |       ||     1
       Sleeping          |       |       |     1 |       ||     1
Armor: Robe              |    53 |   100 |    47 |     4 ||   204
       Skin              |       |       |     6 |     5 ||    11
Dodge: Dodged            |    77 |   176 |   173 |    11 ||   437

Table legend: (Time is in decaauts)
 A = Elapsed time spent in this place.
 B = Non-inter-level travel time spent in this place.
 C = Inter-level travel time spent in this place.
 D = Time resting spent in this place.
 E = Time spent auto-exploring this place.
 F = Levels seen in this place.
 G = Mean time per level.
                   A        B        C        D        E       F      G
               +--------+--------+--------+--------+--------+-----+--------+
         Total |   9574 |   9222 |    352 |   1337 |   6298 |   9 | 1063.8 |
       Dungeon |   8636 |   8284 |    352 |   1044 |   5975 |   8 | 1079.5 |
        Bailey |    937 |    937 |      0 |    293 |    323 |   1 |  937.0 |
               +--------+--------+--------+--------+--------+-----+--------+

Top non-repeatable levels by time:
     D:3: 1644 daAuts
     D:7: 1614 daAuts
     D:4: 1334 daAuts
     D:5: 1323 daAuts
     D:1: 1074 daAuts
  Bailey: 937 daAuts
     D:2: 824 daAuts
     D:6: 619 daAuts
     D:8: 201 daAuts
